 Dungeon Crawl Stone Soup version 0.28-a0-1339-ga5422284a4 (webtiles) character file.

Game seed: 4815448581520203724

44 rocketpapaya the Ducker (level 3, 0/35 HPs)
             Began as a Gnoll Monk on Dec 29, 2021.
             Was a Follower of Uskayaw.
             Slain by a jackal (1 damage)
             ... on level 2 of the Dungeon.
             The game lasted 00:02:59 (1224 turns).

rocketpapaya the Ducker (Gnoll Monk)                Turns: 1224, Time: 00:02:59

Health: 0/35       AC:  2    Str: 12    XL:     3   Next: 60%
Magic:  4/4        EV: 15    Int:  9    God:    Uskayaw [*.....]
Gold:   41         SH:  0    Dex: 14    Spells: 3/3 levels left

rFire   . . .      SeeInvis .   h - +0 mace
rCold   + . .      Faith    .   (no shield)
rNeg    . . .      Spirit   .   b - +0 robe
rPois   +          Reflect  .   (no helmet)
rElec   .          Harm     .   (no cloak)
rCorr   .          Rampage  .   (no gloves)
Will    .....                   (no boots)
Stlth   +++.......              (no amulet)
HPRegen 0.11/turn               (no ring)
MPRegen 0.09/turn               (no ring)

@: hasted, very quick
A: fangs 1, strong nose, distributed training, cold resistance 1, poison
resistance, wild magic 1
a: Renounce Religion, Stomp


You were on level 2 of the Dungeon.
You worshipped Uskayaw.
Uskayaw was noncommittal.
You visited 1 branch of the dungeon, and saw 2 of its levels.

You collected 41 gold pieces.

Inventory:

Hand Weapons
 h - a +0 mace (weapon)
 i - a +0 lajatang
Armour
 b - a +0 robe (worn)
Scrolls
 d - a scroll of acquirement {unknown}
Potions
 c - a potion of curing {unknown}
 f - a potion of berserk rage {unknown}
 g - a potion of degeneration {unknown}


   Skills:
 + Level 6.5 Fighting
 + Level 0.9 Short Blades
 + Level 0.9 Long Blades
 + Level 0.9 Axes
 + Level 0.9 Maces & Flails
 + Level 6.5 Polearms
 + Level 0.9 Staves
 + Level 0.9 Slings
 + Level 0.9 Bows
 + Level 0.9 Crossbows
 + Level 0.9 Throwing
 + Level 0.9 Armour
 + Level 6.5 Dodging
 + Level 4.2 Stealth
 + Level 0.9 Shields
 + Level 0.9 Unarmed Combat
 + Level 0.9 Spellcasting
 + Level 0.6 Conjurations
 + Level 0.6 Hexes
 + Level 0.6 Summonings
 + Level 0.6 Necromancy
 + Level 0.6 Translocations
 + Level 0.6 Transmutations
 + Level 0.6 Fire Magic
 + Level 0.6 Ice Magic
 + Level 0.6 Air Magic
 + Level 0.6 Earth Magic
 + Level 0.6 Poison Magic
 + Level 1.0 Invocations
 + Level 0.9 Evocations


You had 3 spell levels left.
You didn't know any spells.
Your spell library was empty.

Dungeon Overview and Level Annotations

Branches:
Dungeon (2/15)

Altars:
Uskayaw

Annotations:
D:2 exclusion: 2 gnolls


Innate Abilities, Weirdness & Mutations

You have very sharp teeth.
Your uncanny sense of smell can sniff out nearby items.
Your experience applies equally to all skills.
Your flesh is cold resistant. (rC+)
Your system is resistant to poisons. (rPois)
Your spells are a little harder to cast, but a little more powerful.


Message History

The jackal barely misses you. The jackal closely misses you.
The jackal completely misses you.
You closely miss the jackal.
The jackal is heavily wounded.
The jackal bites you. The jackal barely misses you. x3
You completely miss the jackal.
The jackal is heavily wounded.
The jackal misses you. x2; The jackal barely misses you.
You hit the jackal but do no damage. The jackal closely misses you.
The jackal bites you. The jackal closely misses you. The jackal bites you.
You closely miss the jackal. The jackal bites you.
The jackal bites you but does no damage.
The jackal barely misses you.
The jackal bites you but does no damage.
You hit the jackal.
The jackal is almost dead.
The jackal bites you. x2
* * * LOW HITPOINT WARNING * * *
The jackal closely misses you. The jackal barely misses you.
The jackal bites you.
* * * LOW HITPOINT WARNING * * *
The jackal closely misses you. The jackal completely misses you.
You hit the jackal.
You kill the jackal!
The jackal misses you. The jackal closely misses you.
You closely miss the jackal. Your bite misses the jackal.
The jackal closely misses you.
You closely miss the jackal. The jackal bites you.
* * * LOW HITPOINT WARNING * * *
The jackal bites you.
* * * LOW HITPOINT WARNING * * *
You closely miss the jackal. Your punch misses the jackal.
The jackal closely misses you. The jackal bites you.
* * * LOW HITPOINT WARNING * * *
It was a potion of mutation.
You feel extremely strange.
You feel resistant to cold.
You feel resistant to poisons.
You feel less in control of your magic. The jackal barely misses you.
The jackal misses you.
It was a potion of haste.
You feel yourself speed up. The jackal bites you.
You die...

.##.###gg g..###...# #.#
.......... #.. .. #..
#..........##.. #. ..##
#...$..........##### ##..
#......... .......##...
.......... ........####.
#..........#####...........
##....?.#..?..###..........
# ##....#####...@††........
# ..#.......####h.........
###..#..####...##......<...
#...##.#######........(....
#....................(.....
.......##...........?...>..
...#####..#######...)......
...# #..# #.#.....>..
########..# ..########


You could see a jackal.

Vanquished Creatures
  An adder (D:2)
  3 ball pythons
  4 bats
  2 endoplasms (D:1)
  3 goblins (D:1)
  4 hobgoblins (D:1)
  2 jackals (D:2)
  7 frilled lizards
  4 kobolds (D:1)
  5 rats (D:1)
35 creatures vanquished.

Notes
Turn   | Place    | Note
-------+----------+-------------------------------------------
     0 | D:1      | rocketpapaya the Gnoll Monk began the quest for the Orb.
     0 | D:1      | Reached XP level 1. HP: 23/23 MP: 1/1
   161 | D:1      | Found a faded altar of an unknown god.
   168 | D:1      | Prayed at the altar of an unknown god.
   168 | D:1      | Became a worshipper of Uskayaw the Reveller
   168 | D:1      | Reached * piety under Uskayaw
   168 | D:1      | Reached ** piety under Uskayaw
   214 | D:1      | Reached XP level 2. HP: 23/29 MP: 2/2
   217 | D:1      | Reached *** piety under Uskayaw
   220 | D:1      | Reached **** piety under Uskayaw
   819 | D:1      | Reached XP level 3. HP: 35/35 MP: 3/3
  1113 | D:2      | Reached skill level 1 in Invocations
  1222 | D:2      | HP: 1/35 [jackal (2)]
  1223 | D:2      | Gained mutation: Your flesh is cold resistant. (rC+)
                  | [potion of mutation]
  1223 | D:2      | Gained mutation: Your system is resistant to poisons.
                  | (rPois) [potion of mutation]
  1223 | D:2      | Gained mutation: Your spells are a little harder to cast,
                  | but a little more powerful. [potion of mutation]
  1224 | D:2      | Slain by a jackal

Illustrated notes

Levels and vault maps discovered:
D:1:      lightli_arrival_lavapool, layout_basic,
          dreamdust_ecumenical_altar_hidden_monk_grotto, minmay_tetromino_o2
D:2:      layout_rooms

Skill      XL: |  1  2  3 |
---------------+----------+-----
Invocations    | 1 |  1.0
Fighting       | |  6.5
Short Blades   | |  0.9
Long Blades    | |  0.9
Axes           | |  0.9
Maces & Flails | |  0.9
Polearms       | |  6.5
Staves         | |  0.9
Slings         | |  0.9
Bows           | |  0.9
Crossbows      | |  0.9
Throwing       | |  0.9
Armour         | |  0.9
Dodging        | |  6.5
Stealth        | |  4.2
Shields        | |  0.9
Unarmed Combat | |  0.9
Spellcasting   | |  0.9
Conjurations   | |  0.6
Hexes          | |  0.6
Summonings     | |  0.6
Necromancy     | |  0.6
Translocations | |  0.6
Transmutations | |  0.6
Fire Magic     | |  0.6
Ice Magic      | |  0.6
Air Magic      | |  0.6
Earth Magic    | |  0.6
Poison Magic   | |  0.6
Evocations     | |  0.9

Action                   || total
-------------------------++-------
Melee: Spear             ||    60
       Mace              ||    47
       Bite              ||     8
  Use: Potion            ||     2
 Stab: Sleeping          ||     7
       Paralysed         ||     1
Armor: Robe              ||    25
Dodge: Dodged            ||   116

Table legend: (Time is in decaauts)
 A = Elapsed time spent in this place.
 B = Non-inter-level travel time spent in this place.
 C = Inter-level travel time spent in this place.
 D = Time resting spent in this place.
 E = Time spent auto-exploring this place.
 F = Levels seen in this place.
 G = Mean time per level.
                   A        B        C        D        E       F      G
               +--------+--------+--------+--------+--------+-----+--------+
         Total |   1227 |   1222 |      5 |      0 |    952 |   2 |  613.5 |
       Dungeon |   1227 |   1222 |      5 |      0 |    952 |   2 |  613.5 |
               +--------+--------+--------+--------+--------+-----+--------+

Top non-repeatable levels by time:
     D:1: 1035 daAuts
     D:2: 191 daAuts
